 Dungeon Crawl Stone Soup version 0.24.0-125-gc4c63601f3 (webtiles) character file.

Game seed: 9771117155984975845, levelgen mode: deterministic

39 Johnny the Digger (level 3, 0/26 HPs)
             Began as a Demigod Earth Elementalist on Mar 9, 2020.
             Shot with a stone by a goblin (6 damage)
             ... on level 2 of the Dungeon.
             The game lasted 00:01:20 (970 turns).

Johnny the Digger (Demigod Earth Elementalist)       Turns: 970, Time: 00:01:21

Health: 0/26       AC:  2    Str: 11    XL:     3   Next: 11%
Magic:  4/9        EV: 12    Int: 21    God:
Gold:   85         SH:  0    Dex: 16    Spells: 6/7 levels left

rFire    . . .     SeeInvis .   n - +0 whip (venom)
rCold    . . .     Gourm    .   (no shield)
rNeg     . . .     Faith    .   c - +0 robe
rPois    .         Spirit   .   (no helmet)
rElec    .         Reflect  .   (no cloak)
rCorr    .         Harm     .   (no gloves)
MR       .....                  (no boots)
Stlth    +++.......             (no amulet)
HPRegen  0.08/turn              e - ring of stealth
MPRegen  0.11/turn              (no ring)

@: berserk cooldown, slowed, very slow
A: high mp 1
a: no special abilities


You were on level 2 of the Dungeon.
You were not hungry.

You visited 1 branch of the dungeon, and saw 2 of its levels.

You collected 85 gold pieces.

Inventory:

Hand Weapons
 n - a +0 whip of venom (weapon)
Missiles
 b - 40 stones (quivered)
Armour
 c - a +0 robe (worn)
Jewellery
 e - a ring of stealth (left hand)
 j - an uncursed ring of ice {unknown}
 k - an uncursed ring of stealth
 m - a +3 ring of slaying {unknown}
Scrolls
 f - a scroll of magic mapping {unknown}
 h - 6 scrolls of identify {unknown}
 l - a scroll of teleportation {unknown}
 p - a scroll of noise {unknown}
Potions
 a - a potion of berserk rage
 i - a potion of agility {unknown}
Comestibles
 d - 2 rations
 o - 3 chunks of flesh


   Skills:
 - Level 1.7 Dodging
 - Level 1.7 Stealth
 + Level 2.5 Spellcasting
   Level 0.8 Transmutations
 + Level 3.4 Earth Magic


You had 6 spell levels left.
You knew the following spells:

 Your Spells              Type           Power        Failure   Level  Hunger
a - Sandblast             Erth           ###...       3%          1    None

Your spell library contained the following spells:

 Spells                   Type           Power        Failure   Level  Hunger
 Passwall                 Tmut/Erth      ##......     9%          2    ##.....
 Stone Arrow              Conj/Erth      #.....       21%         3    ###....
 Petrify                  Tmut/Erth      ##......     50%         4    ####...
 Lee's Rapid Deconstruct  Erth           ###.......   67%         5    ######.


Dungeon Overview and Level Annotations

Branches:
Dungeon (2/15)


Innate Abilities, Weirdness & Mutations

You have an increased reservoir of magic. (+10% MP)


Message History

Confirm with . or Enter, or press ? or * to list all spells.
Aiming: Sandblast (safe; 3% risk of failure)
Press: ? - help, Shift-Dir - straight line, f/p - kobold
Aim: a kobold, wielding a +0 club and wearing an uncursed amulet of magic regeneration (severely wounded)
The blast of sand hits the kobold!
You kill the kobold!
b - 41 stones The goblin wields a +0 hunting sling.
The goblin shoots a stone.
The stone closely misses you.
Casting: Sandblast (safe; 3% risk of failure)
Confirm with . or Enter, or press ? or * to list all spells.
Aiming: Sandblast (safe; 3% risk of failure)
Press: ? - help, Shift-Dir - straight line, f - goblin
Aim: a goblin, wielding a +0 hunting sling The blast of sand misses the goblin.
The blast of sand hits the hobgoblin!
You kill the hobgoblin!
b - 40 stones The goblin shoots a stone.
The stone misses you.
The goblin shoots a stone.
The stone hits you.
You die...

#.......#
###.#.#.#########
####.#.#..........
#.............####
#......######.#
#..#.### #.#
#.g..# #.# #)##>#
#.# #@##gK..# #.#
#.##.##.# #.#
#.##g# # #.##.#
#.#... #...#. ###.
.


You could see a goblin.

Vanquished Creatures
  An adder (D:2)
  A giant cockroach (D:2)
  5 goblins (D:1)
  2 hobgoblins (D:2)
  5 jackals
  A kobold (D:2)
  A quokka (D:2)
  6 bats (D:1)
  A frilled lizard (D:1)
  4 rats (D:1)
27 creatures vanquished.

Notes
Turn   | Place    | Note
-------+----------+-------------------------------------------
     0 | D:1      | Johnny the Demigod Earth Elementalist began the quest for
                  | the Orb.
     0 | D:1      | Reached XP level 1. HP: 14/14 MP: 5/5
   216 | D:1      | Reached skill level 3 in Earth Magic
   253 | D:1      | Reached XP level 2. HP: 17/20 MP: 3/7
   966 | D:2      | HP: 1/20 [poisoned by an adder]
   968 | D:2      | Reached XP level 3. HP: 5/26 MP: 5/9
   970 | D:2      | Shot with a stone by a goblin

Levels and vault maps discovered:
D:1:      mrwooster_arrival_statue, layout_loops_ring
D:2:      layout_loops_ring, first_ration

Skill      XL: |  1 |
---------------+----+-----
Spellcasting   | 2 |  2.5
Earth Magic    | 3 |  3.4
Dodging        | |  1.7
Stealth        | |  1.7
Transmutations | |  0.8

Action                   || total
-------------------------++-------
Melee: Unarmed           ||    28
       Whip              ||    23
 Cast: Sandblast         ||    25
  Use: Potion            ||     2
 Stab: Sleeping          ||     2
Armor: Robe              ||    17
Dodge: Dodged            ||    52
